 Dungeon Crawl Stone Soup version 0.25-a0-35-g747a2b3c0c (webtiles) character file.

81625 Alarkh the Stickfighter (level 16, 127/127 HPs)
             Began as a Formicid Fighter on Nov 18, 2018.
             Was the Champion of Okawaru.
             Got out of the dungeon alive.
             The game lasted 00:43:56 (23249 turns).

Alarkh the Stickfighter (Formicid Fighter)         Turns: 23249, Time: 00:43:57

Health: 127/127    AC: 32    Str: 31    XL:     16   Next: 18%
Magic:  22/22      EV: 14    Int: 15    God:    Okawaru [******]
Gold:   1266       SH: 17    Dex: 10    Spells: 15/15 levels left

rFire    + . .     SeeInvis +   a - +7 lajatang (pain)
rCold    . . .     Gourm    .   C - +3 shield "Osistess" {Str+6}
rNeg     . . .     Faith    .   I - +8 fire dragon scales "Ruotuipn" {rElec rPois rF++ rC- Str+4}
rPois    +         Spirit   .   (helmet unavailable)
rElec    +         Reflect  .   m - +2 cloak {MR+}
rCorr    .         Harm     .   H - +0 pair of gloves
MR       ++...                  j - +1 pair of boots
Stlth    ..........             (no amulet)
HPRegen  0.31/turn              B - ring of ice
MPRegen  0.18/turn              Q - +4 ring of protection

@: no status effects
A: permanent stasis, dig shafts and tunnels, four strong arms, antennae 3
a: Dig, Shaft Self, Heroism, Finesse, Renounce Religion


You escaped.
You worshipped Okawaru.
Okawaru was exalted by your worship.
You were hungry.

You visited 4 branches of the dungeon, and saw 20 of its levels.
You also visited: Ice Cave.

You collected 2238 gold pieces.
You spent 972 gold pieces at shops.

Inventory:

Hand Weapons
 a - a +7 lajatang of pain (weapon)
 b - the +5 quarterstaff of Dismemberment {crush, MR++}
   (Okawaru gifted it to you on level 5 of the Lair of Beasts)

   It inflicts extra damage upon your enemies.
   It affects your resistance to hostile enchantments.
Armour
 i - a +0 cloak
 j - a +1 pair of boots (worn)
 m - a +2 cloak of magic resistance (worn)
 C - the +3 shield "Osistess" (worn) {Str+6}
   (You found it on level 6 of the Dungeon)

   It affects your strength (+6).
 H - a +0 pair of gloves (worn)
 I - the +8 fire dragon scales "Ruotuipn" (worn) {rElec rPois rF++ rC- Str+4}
   (Okawaru gifted it to you on level 9 of the Dungeon)

   It affects your strength (+4).
   It greatly protects you from fire.
   It makes you vulnerable to cold.
   It insulates you from electricity.
   It protects you from poison.
Jewellery
 d - the ring of Disaster {*Tele +Inv rElec Str+3}
   (You bought it in a shop on level 2 of the Orcish Mines)

   [ring of teleportation]

   It may teleport you next to monsters.
   It affects your strength (+3).
   It insulates you from electricity.
   It lets you turn invisible.
 B - a ring of ice (left hand)
 J - an uncursed ring of positive energy
 O - an uncursed ring of protection from magic
 Q - a +4 ring of protection (right hand)
Wands
 l - a wand of polymorph (4)
 y - a wand of disintegration (7)
 K - a wand of iceblast (8)
 L - a wand of digging (21)
 M - a wand of acid (9)
 T - a wand of random effects (9)
Scrolls
 e - 2 scrolls of identify
 g - a scroll of fog
 p - a scroll of fear
 r - 7 scrolls of remove curse
 u - 5 scrolls of magic mapping
Potions
 h - a potion of resistance
 k - a potion of flight
 o - a potion of might
 q - 7 potions of curing
 t - a potion of magic
 v - a potion of cancellation
 x - a potion of invisibility
 z - a potion of brilliance
 D - 2 potions of ambrosia
 U - 2 potions of heal wounds
Miscellaneous
 A - a lamp of fire
Comestibles
 f - 56 rations


   Skills:
 + Level 12.3 Fighting
 + Level 15.8 Staves
 + Level 12.2 Armour
 + Level 9.3 Dodging
 + Level 13.2 Shields
 - Level 8.0 Invocations


You had 15 spell levels left.
You didn't know any spells.
Your spell library contained the following spells:

 Spells                   Type           Power        Failure   Level  Hunger
 Corona                   Hex            #......      45%         1    ##.....
 Slow                     Hex            #.......     61%         2    ###....
 Inner Flame              Hex/Fire       #.......     83%         3    ####...
 Portal Projectile        Hex/Tloc       #.....       83%         3    ####...
 Cause Fear               Hex            #.........   99%         4    #####..
 Leda's Liquefaction      Hex/Erth       #.........   99%         4    #####..
 Irradiate                Conj/Tmut      #.........   100%        5    ######.
 Hydra Form               Tmut           #.........   100%        6    #######
 Statue Form              Tmut/Erth      #........    100%        6    #######
 Dragon Form              Tmut           #.........   100%        7    #######


Dungeon Overview and Level Annotations

Branches:
Dungeon (11/15)            Temple (1/1) D:6            Lair (6/6) D:9
  Swamp (0/4) Lair:3        Snake (0/4) Lair:3        Slime (0/5) Lair:6
    Orc (2/2) D:10            Elf (0/3) Orc:2

Altars:
Ashenzari
Cheibriados
Dithmenos
Elyvilon
Fedhas
Gozag
Hepliaklqana
Kikubaaqudgha
Makhleb
Nemelex Xobeh
Okawaru
Qazlal
Ru
Sif Muna
Trog
Uskayaw
Vehumet
Wu Jian
Xom
Yredelemnul
Zin
The Shining One

Shops:
D:8 [*(?*   Orc:1 *   Orc:2 }=[:*


Innate Abilities, Weirdness & Mutations

You cannot be hasted, slowed, berserked, paralysed or teleported.
You can dig through walls and to a lower floor.
Your four strong arms can wield two-handed weapons with a shield.
You have a pair of large antennae on your head. (SInv)


Message History

(P) Snake Pit (M) Slime Pits (O) Orcish Mines (E) Elven Halls
Where to? (* - list waypoints, Enter - D:1, ? - help)
There is a stone staircase leading up here.
You climb upwards.
There is a stone staircase leading down here.
There is a stone staircase leading up here.
You climb upwards.
There is a stone staircase leading down here.
There is a stone staircase leading up here.
You climb upwards.
There is a stone staircase leading down here.
There is a stone staircase leading up here.
You climb upwards.
There is a stone staircase leading down here.
There is a stone staircase leading up here.
You climb upwards.
There is a stone staircase leading down here.
There is a staircase leading out of the dungeon here.
Are you sure you want to leave the Dungeon?
This will make you lose the game!
You have escaped!

#........##........#.## #.#....
#........###......##..# #.#....
#........###.#....###.## #.#....
#........##.....)...#..# #.#....
.........##.#######.##.## #.#....
..[......##.#.....#.##..# #.#....
.........##.#...........# #.#....
.........##.#..#######..###.#....
.....######.#..#@....#...##.###'#
.....# #.#.....#..#.#.##.##...
.....# #.#######..#.#..#.##...
..#### #..........#.##.#.##...
.(+[.# ###..#.....#.##.#.##...
..##.# #..#######.#.........
..##.# #.)........#..#.#####
..##'########.#.....##.#..#.#
............#..........#....#


There were no monsters in sight!

Vanquished Creatures
  A dire elephant (Lair:4)
  Nessos (Lair:6)
  A fire dragon (Lair:6)
  Josephine (D:11)
  3 hydras
  Harold (D:10)
  A tengu warrior (D:10)
  16 two-headed ogres
  4 ogre magi
  Urug (D:11)
  Nergalle (Lair:2)
  3 unseen horrors
  A glowing orange brain (D:9)
  2 lindwurms
  2 ugly things (IceCv)
  A deep elf mage (D:9)
  3 oklob plants (Lair:6)
  A cyclops (D:9)
  2 centaur zombies
  35 elephants
  6 black mambas
  3 molten gargoyles (Lair:6)
  9 spiny frogs
  A gargoyle (D:11)
  3 ice statues (IceCv)
  A kobold demonologist (D:11)
  A rime drake (Lair:5)
  7 komodo dragons
  A queen bee (D:11)
  4 trolls
  4 bog bodies (Lair:3)
  24 blink frogs
  10 hippogriffs
  2 dream sheep (D:8)
  A spriggan (Lair:4)
  27 yaks
  5 wyverns
  4 wraiths (D:11)
  A vampire (D:11)
  9 basilisks
  3 steam dragons (Lair:6)
  3 hungry ghosts
  3 wargs (Orc:1)
  A swamp worm (Lair:3)
  4 nagas (Lair:3)
  13 water moccasins
  A two-headed ogre zombie (D:10)
  3 hell hounds (Lair:6)
  13 porcupines
  10 orc warriors
  8 black bears
  8 sky beasts
  11 ice beasts
  3 phantoms
  33 ogres
  5 centaurs
  6 wolves
  13 crocodiles
  6 big kobolds
  13 bullfrogs
  A gnoll sergeant (D:7)
  A wyvern skeleton (D:10)
  3 scorpions
  26 killer bees (D:11)
  3 troll zombies (D:10)
  11 wights
  An electric eel (Lair:3)
  2 howler monkeys (D:8)
  7 crimson imps
  A bullfrog zombie (D:9)
  5 lava snakes (Lair:6)
  2 hounds
  2 centaur skeletons
  14 orc priests
  3 jellies
  21 orc wizards
  9 iguanas
  5 worker ants
  A killer bee zombie (D:8)
  4 ogre zombies (D:10)
  A hound zombie (D:9)
  3 gnolls
  13 adders
  6 shadow imps
  12 white imps (Lair:4)
  5 oozes
  An adder zombie (D:6)
  5 worms
  4 leopard geckos
  63 orcs
  5 bats
  7 giant cockroaches
  10 goblins
  7 hobgoblins
  14 jackals
  10 kobolds
  6 quokkas
  5 ball pythons
  4 frilled lizards
  A goblin skeleton (D:10)
  4 goblin zombies (D:10)
  2 hobgoblin skeletons (D:10)
  A hobgoblin zombie (D:10)
  A jackal skeleton (D:7)
  An orc skeleton (D:10)
  16 orc zombies (D:10)
  10 rats
  5 plants (Lair:5)
708 creatures vanquished.

Vanquished Creatures (others)
  2 bushes (Lair:4)
  38 fungi
  14 plants
54 creatures vanquished.

Grand Total: 762 creatures vanquished

Notes
Turn   | Place    | Note
-------+----------+-------------------------------------------
     0 | D:1      | Alarkh the Formicid Fighter began the quest for the Orb.
     0 | D:1      | Reached XP level 1. HP: 18/18 MP: 1/1
   101 | D:1      | Reached XP level 2. HP: 24/24 MP: 2/2
   106 | D:1      | Reached skill level 3 in Staves
   234 | D:1      | Reached XP level 3. HP: 29/29 MP: 3/3
   909 | D:2      | Reached skill level 4 in Staves
   909 | D:2      | Reached XP level 4. HP: 35/35 MP: 4/4
  1316 | D:2      | Reached XP level 5. HP: 18/41 MP: 5/5
  1426 | D:3      | Reached skill level 5 in Staves
  1586 | D:3      | Noticed an ogre
  1593 | D:3      | Killed an ogre
  1593 | D:3      | Reached XP level 6. HP: 42/47 MP: 6/6
  1624 | D:3      | Reached skill level 6 in Staves
  2581 | D:4      | Found a stormy altar of Qazlal.
  2598 | D:4      | Reached XP level 7. HP: 49/52 MP: 7/7
  2696 | D:4      | Found a bloodstained altar of Trog.
  2717 | D:4      | Reached skill level 7 in Staves
  2849 | D:5      | Entered Level 5 of the Dungeon
  2955 | D:5      | Found a sacrificial altar of Ru.
  3249 | D:5      | Reached skill level 8 in Staves
  3479 | D:5      | Found an iron altar of Okawaru.
  3502 | D:5      | Became a worshipper of Warmaster Okawaru
  3675 | D:5      | Reached XP level 8. HP: 53/58 MP: 8/8
  4418 | D:6      | Reached skill level 9 in Staves
  4423 | D:6      | Got a distressingly furry shield
  4435 | D:6      | Identified the +3 shield "Osistess" {Str+6} (You found it
                  | on level 6 of the Dungeon)
  4517 | D:6      | Found a staircase to the Ecumenical Temple.
  4524 | D:6      | Reached * piety under Okawaru
  4629 | D:6      | Reached skill level 10 in Staves
  4887 | D:6      | Reached XP level 9. HP: 5/64 MP: 9/9
  5545 | Temple   | Entered the Ecumenical Temple
  5765 | D:7      | Reached ** piety under Okawaru
  5765 | D:7      | Reached skill level 11 in Staves
  6350 | D:7      | Noticed a hippogriff
  6361 | D:7      | Killed a hippogriff
  6453 | D:7      | Reached skill level 12 in Staves
  6627 | D:7      | Found a shattered altar of Ashenzari.
  6780 | D:8      | Found Zujoshu's Assorted Antiques.
  6787 | D:8      | Bought a scroll labeled RAFIT YSCHIU for 25 gold pieces
  6787 | D:8      | Bought a golden potion for 22 gold pieces
  6787 | D:8      | Bought a scroll labeled XEHUEPTA MABYKA for 25 gold pieces
  6787 | D:8      | Bought a potion of heal wounds for 125 gold pieces
  6787 | D:8      | Bought a grey potion for 22 gold pieces
  6859 | D:8      | Reached skill level 1 in Invocations
  6883 | D:8      | Noticed a troll
  6899 | D:8      | Killed a troll
  6899 | D:8      | Reached XP level 10. HP: 25/71 MP: 8/11
  7425 | D:8      | Found a shimmering altar of Xom.
  7447 | D:8      | Found an ancient bone altar of Kikubaaqudgha.
  7488 | D:8      | Reached *** piety under Okawaru
  7504 | D:8      | Reached skill level 5 in Shields
  7646 | D:8      | Found Qufrauq's Antique Armour Emporium.
  7718 | D:8      | Found Bor Ises's Antique Weapon Shop.
  7758 | D:8      | Found Hifux's Magic Scroll Emporium.
  7764 | D:8      | Bought a scroll of enchant weapon for 112 gold pieces
  7765 | D:8      | Found Loumneg's General Store.
  7884 | D:8      | Noticed a three-headed hydra
  7922 | D:8      | Killed a three-headed hydra
  7922 | D:8      | Received a gift from Okawaru
  7922 | D:8      | Reached skill level 5 in Fighting
  7922 | D:8      | Reached skill level 5 in Armour
  7932 | D:8      | Reached **** piety under Okawaru
  8458 | D:9      | Noticed a two-headed ogre
  8475 | D:9      | Killed a two-headed ogre
  8475 | D:9      | Reached skill level 13 in Staves
  8475 | D:9      | Reached skill level 5 in Invocations
  8475 | D:9      | Reached XP level 11. HP: 15/81 MP: 12/14
  8808 | D:9      | Found a glowing silver altar of Zin.
  8865 | D:9      | Noticed a deep elf mage
  8871 | D:9      | Killed a deep elf mage
  8902 | D:9      | Reached skill level 1 in Dodging
  8970 | D:9      | Noticed an unseen horror
  8992 | D:9      | Killed an unseen horror
  8992 | D:9      | Reached ***** piety under Okawaru
  9174 | D:9      | Found a staircase to the Lair.
  9638 | D:9      | Received a gift from Okawaru
  9639 | D:9      | Got bloodstained fire dragon scales {god gift}
  9650 | D:9      | Identified the +8 fire dragon scales "Ruotuipn" {rElec
                  | rPois rF++ rC- Str+4} (Okawaru gifted it to you on level 9
                  | of the Dungeon)
  9801 | D:9      | Got a pitted chain mail
  9905 | D:9      | Noticed a two-headed ogre
  9905 | D:9      | Noticed a cyclops
  9918 | D:9      | Killed a cyclops
  9919 | D:9      | Noticed a glowing orange brain
  9929 | D:9      | Killed a two-headed ogre
  9948 | D:9      | Killed a glowing orange brain
  9948 | D:9      | Reached XP level 12. HP: 55/91 MP: 10/17
 10170 | D:9      | Identified the +4 chain mail of Penuhey {+Fly rElec Int+3
                  | Dex+4} (You found it on level 9 of the Dungeon)
 10280 | D:10     | Entered Level 10 of the Dungeon
 10602 | D:10     | Found a staircase to the Orcish Mines.
 10984 | D:10     | Noticed a tengu warrior
 10993 | D:10     | Killed a tengu warrior
 11070 | D:10     | Noticed Harold
 11091 | D:10     | Killed Harold
 11417 | D:11     | Noticed a sun demon
 11456 | D:11     | Noticed Josephine
 11473 | D:11     | Killed Josephine
 11536 | D:11     | Noticed an unseen horror
 11537 | D:11     | Noticed an unseen horror
 11555 | D:11     | Killed an unseen horror
 11559 | D:11     | Killed an unseen horror
 11667 | D:11     | Found an ancient bone altar of Kikubaaqudgha.
 11679 | D:11     | Noticed Urug
 11707 | D:11     | Killed Urug
 11707 | D:11     | Reached XP level 13. HP: 50/99 MP: 19/19
 11939 | D:11     | Received a gift from Okawaru
 11967 | D:11     | Reached skill level 14 in Staves
 11984 | D:11     | Reached skill level 5 in Dodging
 12768 | D:8      | Bought a pair of scorched gloves for 266 gold pieces
 12773 | D:8      | Identified the +0 pair of gloves of the Failed Coup {rN+
                  | MR- Int+5} (You bought it in a shop on level 8 of the
                  | Dungeon)
 12843 | Lair:1   | Entered Level 1 of the Lair of Beasts
 13154 | Lair:1   | Reached skill level 10 in Shields
 14167 | Lair:2   | Received a gift from Okawaru
 14693 | Lair:2   | Noticed Nergalle
 14703 | Lair:2   | Killed Nergalle
 15484 | Lair:3   | Found a staircase to the Snake Pit.
 15823 | Lair:3   | Reached ****** piety under Okawaru
 15926 | Lair:3   | Reached XP level 14. HP: 98/109 MP: 20/20
 16491 | Lair:3   | Found a staircase to the Swamp.
 16686 | Lair:4   | Reached skill level 10 in Fighting
 16776 | Lair:4   | Received a gift from Okawaru
 16779 | Lair:4   | Reached skill level 10 in Armour
 16905 | Lair:4   | Found a frozen archway.
 17006 | IceCv    | Entered an ice cave
 17623 | Lair:4   | Noticed a dire elephant
 17667 | Lair:4   | Killed a dire elephant
 17796 | Lair:4   | Received a gift from Okawaru
 17936 | Lair:4   | Found an opulent altar of Gozag.
 17958 | Lair:4   | Reached skill level 15 in Staves
 18553 | Lair:5   | Received a gift from Okawaru
 18556 | Lair:5   | Got a jewelled quarterstaff {god gift}
 18557 | Lair:5   | Identified the +5 quarterstaff of Dismemberment {crush,
                  | MR++} (Okawaru gifted it to you on level 5 of the Lair of
                  | Beasts)
 18937 | Lair:5   | Reached XP level 15. HP: 113/118 MP: 21/21
 19296 | Lair:6   | Entered Level 6 of the Lair of Beasts
 19335 | Lair:6   | Found an ancient bone altar of Kikubaaqudgha.
 19504 | Lair:6   | Received a gift from Okawaru
 20062 | Lair:6   | Found a staircase to the Slime Pits.
 20473 | Lair:6   | Noticed Nessos
 20499 | Lair:6   | Killed Nessos
 20777 | Lair:6   | Received a gift from Okawaru
 20877 | Lair:6   | Found a large runed door.
 20877 | Lair:6   | Found a large runed door.
 21353 | Lair:6   | Upgraded the game from 0.23-a0-446-g036aa52 to
                  | 0.23-a0-448-g1c01f63
 21645 | Orc:1    | Entered Level 1 of the Orcish Mines
 21762 | Orc:2    | Entered Level 2 of the Orcish Mines
 22141 | Orc:2    | Reached XP level 16. HP: 85/127 MP: 22/22
 22315 | Orc:2    | Found a staircase to the Elven Halls.
 22320 | Orc:2    | Found Maturch's Gadget Shoppe.
 22546 | Orc:2    | Found Ochoiket's Jewellery Emporium.
 22547 | Orc:2    | Found Eduusule's Armour Shop.
 22547 | Orc:2    | Found Ufem's Assorted Antiques.
 22547 | Orc:2    | Found Gaqoo's Book Shop.
 22593 | Orc:2    | Bought a crude jade ring for 150 gold pieces
 22593 | Orc:2    | Bought a glowing cloak for 225 gold pieces
 22594 | Orc:2    | Identified the ring of Disaster {*Tele +Inv rElec Str+3}
                  | (You bought it in a shop on level 2 of the Orcish Mines)
 22855 | Orc:1    | Found Happ's Assorted Antiques.
 23018 | Orc:2    | Upgraded the game from 0.23-a0-448-g1c01f63 to
                  | 0.23-a0-550-g7de1f8e
 23018 | Orc:2    | Upgraded the game from 0.23-a0-550-g7de1f8e to
                  | 0.25-a0-35-g747a2b3c0c
 23249 | D:$      | Got out of the dungeon alive.

Levels and vault maps discovered:
D:1:      ebering_hopf_link
D:2:      minmay_chambers_of_ones, minmay_misc_feat_columns, minmay_fountain_box
D:3:      st_stairs_4, minmay_misc_feat_rugged, grunt_ministairs_13,
          hangedman_feature_mirror, minmay_pentomino_pile
D:4:      nicolae_overflow_hidden_temple, first_ration, eino_tiny_chamber,
          trog_hazing_becter
D:5:      basic_altar, grunt_decor_one_mirror, hangedman_decor_slide_cut,
          nicolae_ru_awakened_eye
D:6:      kb_forest_paths, minmay_temple_entry_ruins
D:7:      minmay_skewed_foursquare, lemuel_doored_altar, serial_park_tiny_pond
D:8:      lemuel_coloured_pillars_altar, kennysheep_little_box, serial_shops,
          shop_statue, nicolae_shop_crystal, shop, shop,
          nicolae_shop_statue_plus, hangedman_ranch, minmay_starry_boxes
D:9:      wad_statue_garden, minmay_lair_entry_grove, basic_altar
D:10:     zombieorc2_lemuel, uniq_harold
D:11:     special_room, basic_altar, uniq_urug, uniq_josephine
Temple:   hc_temple_tempest_star
Lair:1:   beast_lair_carwin_5, lemuel_fruit_fields
Lair:2:   uniq_nergalle
Lair:3:   nicolae_swamp_entry_splash_gauntlet, guppyfry_snake_entry_island
Lair:4:   mu_elephants_graveyard, portal_ice_cave_entry_imps, basic_altar,
          guppyfry_lair_drakes
Lair:5:   serial_bayou_shore_a, grunt_megastairs_2, infiniplex_staircase_pool
Lair:6:   cheibrodos_lair_end_hotspot, minmay_slime_entry_oklob_enclosed,
          basic_altar, uniq_nessos
Orc:1:    serial_shops, nicolae_shop_stone
Orc:2:    st_orc_ogre_mass, serial_shops,
          nicolae_shop_temple_entry_statues_fountains

Skill      XL: |  1  2  3  4  5  6  7  8  9 10 11 12 13 14 15 |
---------------+----------------------------------------------+-----
Staves         | 3 4 5 6 8 10 12 13 14 15 | 15.8
Invocations    | 1 5 6 8 |  8.0
Shields        | 4 6 7 9 10 11 13 | 13.2
Fighting       | 5 7 8 9 11 12 | 12.3
Armour         | 5 7 8 9 11 12 | 12.2
Dodging        | 2 4 6 7 9 |  9.3

Action                   |  1- 3 |  4- 6 |  7- 9 | 10-12 | 13-15 | 16-18 || total
-------------------------+-------+-------+-------+-------+-------+-------++-------
Melee: Quarterstaff      |    75 |   186 |   462 |   919 |   144 |       ||  1786
       Lajatang          |       |       |       |       |  1099 |    78 ||  1177
       Staff             |       |       |       |       |    11 |       ||    11
Invok: Heroism           |       |       |     4 |    19 |    11 |     1 ||    35
       Finesse           |       |       |       |     2 |     3 |       ||     5
 Abil: No ability        |       |       |     4 |     6 |    12 |       ||    22
Evoke: Wand              |       |       |       |     4 |       |       ||     4
  Use: Scroll            |     1 |     2 |     5 |     3 |    20 |       ||    31
       Potion            |       |     1 |     4 |     4 |     3 |       ||    12
 Stab: Invisible         |       |       |     4 |       |       |       ||     4
  Eat: Chunk             |       |     6 |    14 |    18 |    29 |     3 ||    70
       Ration            |       |       |       |       |     2 |       ||     2
Armor: Scale mail        |    35 |    73 |    95 |    37 |       |       ||   240
       Fire dragon scale |       |       |       |    99 |   302 |    11 ||   412
Dodge: Dodged            |    16 |    64 |   102 |   206 |   358 |    20 ||   766
Block: Shield            |    35 |    81 |   215 |   467 |   823 |    54 ||  1675

Table legend:
 A = Non-vault XP
 B = Vault XP
 C = Vault XP percentage of total XP
 D = Non-vault monster count
 E = Vault monster count
 F = Vault count percentage of total count
                 A         B        C        D         E       F
            +---------+---------+-------+---------+---------+-------
      Total |   50429 |   66179 |  56.8 |     417 |     286 |  40.7
            +---------+---------+-------+---------+---------+-------
        D:1 |      36 |       0 |   0.0 |      18 |       0 |   0.0
        D:2 |      86 |      23 |  21.1 |      17 |       6 |  26.1
        D:3 |      56 |     140 |  71.4 |      16 |      10 |  38.5
        D:4 |     184 |      11 |   5.6 |      19 |       6 |  24.0
        D:5 |     636 |       0 |   0.0 |      24 |       0 |   0.0
        D:6 |     812 |     292 |  26.4 |      14 |       5 |  26.3
        D:7 |     742 |     571 |  43.5 |      22 |       7 |  24.1
        D:8 |    1290 |    2513 |  66.1 |      30 |      11 |  26.8
        D:9 |    3630 |    4759 |  56.7 |      29 |      25 |  46.3
       D:10 |    3600 |    1804 |  33.4 |      41 |      37 |  47.4
       D:11 |    6060 |    4611 |  43.2 |      29 |      33 |  53.2
     Lair:1 |    1396 |    2189 |  61.1 |       9 |       7 |  43.8
     Lair:2 |    4226 |     835 |  16.5 |      22 |       1 |   4.3
     Lair:3 |    4408 |    1958 |  30.8 |      16 |      10 |  38.5
     Lair:4 |    3487 |   11403 |  76.6 |      16 |      36 |  69.2
     Lair:5 |    6902 |    1401 |  16.9 |      24 |       6 |  20.0
     Lair:6 |   11102 |   12155 |  52.3 |      38 |      34 |  47.2
      Orc:1 |    1134 |    2615 |  69.8 |      14 |       9 |  39.1
      Orc:2 |     642 |   15864 |  96.1 |      19 |      32 |  62.7
      IceCv |       0 |    3035 | 100.0 |       0 |      11 | 100.0
            +---------+---------+-------+---------+---------+-------
